AoeStats
← asd

Four Lakes

503582250Analyzed
4v4 RM · 1mo ago on Sep 1, 2026· 34m 49s· 8 players
Game mode
Random Map
Map size
Large (8 player)
Population
200
Speed
Normal
Resources
Standard
Victory
Conquest
Starting age
Dark Age
Ending age
Imperial Age
RankedLock teamsTeams togetherTeam positionsShared explorationLock speedFull tech treeHidden civsTurbo modeCheats
Victory
Defeat
🇨🇳 Vietnamese · China
1222
+14
🇷🇺 Bulgarians · Russia
1178
+16
1177
+16
1151
+17
🇲🇽 Persians · Mexico
1227
-18
🇺🇸 Italians · United States
1179
-16
🇦🇺 Byzantines · Australia
1171
-15
🇦🇺 Spanish · Australia
1143
-14
杀我自动下载原神
9:16 Loom
11:48 Feudal Age
12:38 Double-Bit Axe
15:15 Gold Mining
16:07 Fletching
17:14 Padded Archer Armor
20:22 Castle Age
19:37 Horse Collar
20:30 Crossbowman
21:05 Bodkin Arrow
22:46 Ballistics
24:43 Leather Archer Armor
25:29 Bow Saw
26:11 Thumb Ring
33:25 Imperial Age
34:43 Wheelbarrow
33:30 Arbalester
34:36 Conscription
34:56 Bracer
AngryKok
0:28 Loom
11:54 Feudal Age
12:22 Double-Bit Axe
13:41 Wheelbarrow
17:11 Castle Age
18:59 Horse Collar
27:51 Imperial Age
25:37 Forging
25:32 Scale Barding Armor
25:27 Scale Mail Armor
27:00 Iron Casting
28:02 Chain Barding Armor
27:44 Stirrups
29:44 Husbandry
29:54 Bloodlines
29:47 Squires
31:04 Blast Furnace
30:39 Plate Barding Armor
30:45 Chain Mail Armor
30:53 Hand Cart
花园爸爸
11:56 Feudal Age
12:48 Double-Bit Axe
12:44 Horse Collar
13:09 Fishing Lines
18:21 Castle Age
18:14 Stone Mining
18:40 Town Watch
19:32 Wheelbarrow
19:15 Gillnets
20:32 Bow Saw
20:23 Heavy Plow
19:47 Pikeman
21:17 Squires
24:28 Hand Cart
30:19 Imperial Age
28:47 Forging
28:38 Scale Mail Armor
28:38 Gold Mining
30:24 Fletching
30:35 Padded Archer Armor
30:54 Bodkin Arrow
32:54 Paper Money
32:59 Halberdier
34:01 Leather Archer Armor
Ricardo Corazon de León
5:33 Loom
11:21 Feudal Age
11:47 Double-Bit Axe
13:02 Gold Mining
15:31 Bloodlines
15:33 Fishing Lines
17:19 Scale Barding Armor
21:24 Castle Age
22:31 Chain Barding Armor
22:48 Gold Shaft Mining
22:06 Gillnets
22:28 Bow Saw
23:26 Wheelbarrow
23:14 Husbandry
25:25 Pikeman
26:07 Scale Mail Armor
28:32 Fletching
28:57 Chain Mail Armor
29:44 Horse Collar
34:42 Imperial Age
Perdoname por ser Noob
3:40 Loom
9:33 Feudal Age
10:06 Double-Bit Axe
20:54 Castle Age
19:35 Forging
20:09 Bloodlines
20:05 Scale Barding Armor
20:09 Gold Mining
21:11 Horse Collar
21:43 Husbandry
21:03 Light Cavalry
21:58 Loom
22:48 Wheelbarrow
24:27 Fletching
24:37 Padded Archer Armor
25:09 Bow Saw
25:04 Crossbowman
26:59 Parthian Tactics
26:47 Bodkin Arrow
27:08 Leather Archer Armor
28:38 Chain Barding Armor
29:11 Iron Casting
31:48 Ballistics
The HypnoToad
10:16 Loom
12:01 Feudal Age
13:54 Double-Bit Axe
15:07 Fishing Lines
15:57 Horse Collar
19:21 Castle Age
18:48 Gold Mining
19:58 Fletching
20:35 Bodkin Arrow
20:26 Crossbowman
21:13 Thumb Ring
21:11 Padded Archer Armor
asd
8:54 Loom
11:01 Feudal Age
12:22 Double-Bit Axe
12:22 Horse Collar
20:14 Castle Age
18:47 Gold Mining
19:33 Scale Barding Armor
19:39 Forging
21:25 Bow Saw
21:23 Husbandry
22:37 Padded Archer Armor
25:16 Chain Barding Armor
24:54 Fletching
26:13 Elite Skirmisher
26:50 Bodkin Arrow
28:07 Leather Archer Armor
31:09 Wheelbarrow
31:53 Stone Mining
32:28 Ballistics
33:43 Iron Casting
ragamuffin
8:39 Loom
10:24 Feudal Age
17:27 Castle Age
15:30 Double-Bit Axe
15:43 Horse Collar
16:42 Gold Mining
17:06 Bloodlines
22:01 Wheelbarrow
24:45 Forging
29:28 Fletching
Connection lost

Rejoining the realm…

Still unreachable

The connection could not be restored.

Session expired

The server has moved on; the page needs a fresh start.